AoeStats
← hanyok master

African Clearing

510827022Analyzed
4v4 RM · 20h ago on Oct 2, 2026· 49m 32s· 8 players
Game mode
Random Map
Map size
Large (8 player)
Population
200
Speed
Normal
Resources
Standard
Victory
Conquest
Starting age
Dark Age
Ending age
Imperial Age
RankedLock teamsTeams togetherTeam positionsShared explorationLock speedFull tech treeHidden civsTurbo modeCheats
Victory
Defeat
🇦🇷 Byzantines · Argentina
1217
+10
🇪🇸 Chinese · Spain
1153
+12
🇦🇷 Varangians · Argentina
1130
+13
🇮🇱 Lithuanians · Israel
1130
+13
🇵🇹 Mongols · Portugal
1354
-22
🇲🇿 Varangians · Mozambique
1022
-10
🇲🇿 Persians · Mozambique
975
-9
🇲🇿 Vietnamese · Mozambique
905
-7
Pepim14
6:45 Loom
12:59 Feudal Age
14:40 Double-Bit Axe
19:26 Castle Age
21:12 Wheelbarrow
20:56 Town Watch
23:53 Hand Cart
26:04 Bow Saw
29:52 Scale Barding Armor
34:09 Gold Mining
38:03 Stone Mining
40:50 Forging
42:55 Town Patrol
43:52 Iron Casting
43:40 Chain Barding Armor
43:02 Horse Collar
46:06 Imperial Age
43:45 Vendel Legacy
44:34 Scale Mail Armor
44:49 Bloodlines
45:00 Husbandry
45:06 Heavy Plow
45:39 Light Cavalry
46:42 Cavalier
49:29 Crop Rotation
ChiMi..ChiMi
4:25 Loom
14:16 Feudal Age
15:20 Gold Mining
15:22 Double-Bit Axe
18:34 Wheelbarrow
21:12 Castle Age
19:11 Fletching
19:23 Padded Archer Armor
19:16 Stone Mining
25:00 Gold Shaft Mining
24:50 Horse Collar
27:28 Ballistics
32:31 Bodkin Arrow
35:22 Leather Archer Armor
39:42 Imperial Age
36:59 Town Watch
38:20 Murder Holes
39:37 Hand Cart
39:24 Town Patrol
40:45 Stone Shaft Mining
40:25 Bracer
40:55 Ring Archer Armor
41:32 Ring Archer Armor
42:05 Chemistry
41:55 Elite Chu Ko Nu
43:33 Heavy Plow
43:44 Bow Saw
44:04 Thumb Ring
hanyok master
5:47 Loom
11:38 Feudal Age
12:14 Double-Bit Axe
13:04 Horse Collar
16:58 Wheelbarrow
20:18 Scale Barding Armor
20:47 Bloodlines
21:15 Forging
29:23 Castle Age
29:40 Light Cavalry
31:43 Chain Barding Armor
31:59 Iron Casting
36:34 Husbandry
40:45 Bow Saw
40:36 Heavy Plow
42:19 Fletching
42:30 Padded Archer Armor
42:30 Elite Skirmisher
43:29 Bodkin Arrow
45:08 Hand Cart
45:22 Ballistics
46:04 Leather Archer Armor
47:19 Hand Cart
46:50 Town Watch
48:39 Gold Mining
pity.grillo26
5:32 Loom
14:38 Feudal Age
18:46 Castle Age
17:34 Double-Bit Axe
18:38 Gold Mining
19:02 Fletching
19:42 Bodkin Arrow
22:21 Padded Archer Armor
21:45 Crossbowman
23:48 Gold Shaft Mining
24:53 Ballistics
27:23 Wheelbarrow
28:35 Elite Skirmisher
32:15 Leather Archer Armor
39:45 Thumb Ring
44:59 Imperial Age
44:08 Hand Cart
45:42 Bracer
46:48 Chemistry
46:35 Treadmill Crane
46:23 Capped Ram
46:42 Arbalester
49:46 Ring Archer Armor
49:21 Siege Ram
Viminha_MZ
10:26 Loom
12:51 Feudal Age
15:33 Double-Bit Axe
15:32 Horse Collar
20:02 Gold Mining
20:44 Fletching
22:06 Padded Archer Armor
25:44 Castle Age
25:55 Elite Skirmisher
26:33 Bodkin Arrow
26:54 Leather Archer Armor
Ociru3
5:25 Loom
12:23 Feudal Age
12:57 Double-Bit Axe
18:02 Horse Collar
24:12 Castle Age
22:15 Fletching
23:36 Scale Barding Armor
25:25 Wheelbarrow
26:20 Bow Saw
32:20 Scale Barding Armor
32:14 Bodkin Arrow
42:02 Bloodlines
41:53 Husbandry
43:51 Heavy Plow
43:50 Elite Skirmisher
45:26 Padded Archer Armor
Black_Bird
14:49 Feudal Age
16:45 Bloodlines
26:02 Castle Age
31:26 Wheelbarrow
33:57 Double-Bit Axe
35:58 Bow Saw
37:23 Horse Collar
37:37 Gold Mining
Ora Viva
12:48 Feudal Age
13:51 Horse Collar
17:34 Castle Age
15:49 Double-Bit Axe
16:18 Fletching
16:24 Gold Mining
16:58 Loom
18:45 Bow Saw
18:48 Bodkin Arrow
27:42 Wheelbarrow
27:52 Ballistics
29:40 Hand Cart
30:32 Padded Archer Armor
31:30 Heavy Plow
35:40 Imperial Age
36:06 Bloodlines
35:57 Husbandry
36:17 Thumb Ring
37:46 Parthian Tactics
37:50 Bracer
38:23 Leather Archer Armor
39:00 Conscription
39:07 Light Cavalry
40:34 Gold Shaft Mining
39:49 Stone Mining
39:39 Elite Mangudai
40:47 Scale Barding Armor
41:30 Hussar
44:07 Chain Barding Armor
44:14 Forging
49:36 Iron Casting
Connection lost

Rejoining the realm…

Still unreachable

The connection could not be restored.

Session expired

The server has moved on; the page needs a fresh start.